3L
HOUSTON 1837 BBC @ ATHLETIC CLUB KC
08/23/2039
 
TOP OF THE 1ST
Houston 1837 BBC batting - Pitching for Athletic Club KC : RHP Scotty Bingham
Pitching: RHP Scotty Bingham
Batting: RHB Jon Huband 0-0: Ball
1-0: Swinging Strike
1-1: Called Strike
1-2: Ball
2-2: Foul Ball, location: 2F
2-2: Ball
3-2: Fly out, F8 (Flyball, 8RXD, EV 96.9 MPH)
Batting: LHB Javier Seco 0-0: Foul Ball, location: 2F
0-1: Ball
1-1: Foul Ball, location: 2F
1-2: Fly out, F7 (Flyball, 7S, EV 91.2 MPH)
Batting: RHB Adam Smith 0-0: Ball
1-0: Foul Ball, location: 2F
1-1: Foul Ball, location: 2F
1-2: Fly out, F5 (Line Drive, 5, EV 65.0 MPH)
Top of the 1st over - 0 runs, 0 hits, 0 errors, 0 left on base; Houston 0 - Athletic Club KC 0
BOTTOM OF THE 1ST
Athletic Club KC batting - Pitching for Houston 1837 BBC : RHP Júlio Gutiérrez
Pitching: RHP Júlio Gutiérrez
Batting: LHB César Núñez 0-0: Swinging Strike
0-1: Ground out 2-3 (Groundball, 13S, EV 71.9 MPH)
Batting: RHB Ali Ben Bongo 0-0: Ball
1-0: Ball
2-0: Foul Ball, location: 2F
2-1: Fly out, F9 (Flyball, 9S, EV 83.8 MPH)
Batting: SHB Shiki Sanu 0-0: Ball
1-0: Ball
2-0: Called Strike
2-1: Ball
3-1: Fly out, F7 (Flyball, 7LMF, EV 103.8 MPH)
Bottom of the 1st over - 0 runs, 0 hits, 0 errors, 0 left on base; Houston 0 - Athletic Club KC 0
TOP OF THE 2ND
Houston 1837 BBC batting - Pitching for Athletic Club KC : RHP Scotty Bingham
Batting: RHB Krystof Melichar 0-0: Called Strike
0-1: Ball
1-1: Called Strike
1-2: Ground out 4-3 (Groundball, 34, EV 88.8 MPH)
Batting: LHB Bill Dixon 0-0: Ball
1-0: Foul Ball, location: 2F
1-1: Foul Ball, location: 2F
1-2: SINGLE (Line Drive, 89S, EV 91.9 MPH)
Batting: LHB César Gómes 0-0: Ball
1-0: Called Strike
1-1: Called Strike
1-2: Fly out, F8 (Flyball, 8LS, EV 88.8 MPH)
Batting: SHB Yeow-whye Zhu 0-0: Ball
1-0: Ground out 1-3 (Groundball, 13S, EV 66.2 MPH)
Top of the 2nd over - 0 runs, 1 hit, 0 errors, 1 left on base; Houston 0 - Athletic Club KC 0
BOTTOM OF THE 2ND
Athletic Club KC batting - Pitching for Houston 1837 BBC : RHP Júlio Gutiérrez
Batting: LHB Héctor Velázquez 0-0: Ball
1-0: Called Strike
1-1: Ball
2-1: Ball
3-1: Called Strike
3-2: DOUBLE (Line Drive, 89D, EV 101.2 MPH)
Batting: LHB José Rodríguez 0-0: Ball
Héctor Velázquez is caught stealing 3rd base 2-5
1-0: Ball
2-0: Foul Ball, location: 2F
2-1: Swinging Strike
2-2: Ball
3-2: Foul Ball, location: 2F
3-2: Foul Ball, location: 2F
3-2: Foul Ball, location: 2F
3-2: Foul Ball, location: 2F
3-2: SINGLE (Groundball, 6D, EV 109.4 MPH)
Batting: LHB Pablo Hernández 0-0: Called Strike
0-1: Ball
1-1: Foul Ball, location: 2F
1-2: SINGLE (Groundball, 4MD, EV 94.4 MPH)
José Rodríguez to second
Batting: RHB Tasuku Goto 0-0: Called Strike
0-1: Foul Ball, location: 2F
0-2: Strikes out swinging
Batting: RHB Wade Tazewell 0-0: Swinging Strike
0-1: Ball
1-1: Foul Ball, location: 2F
1-2: Strikes out swinging
Bottom of the 2nd over - 0 runs, 3 hits, 0 errors, 2 left on base; Houston 0 - Athletic Club KC 0
TOP OF THE 3RD
Houston 1837 BBC batting - Pitching for Athletic Club KC : RHP Scotty Bingham
Batting: RHB David Elías 0-0: Ball
1-0: Called Strike
1-1: Ground out 5-3 (Groundball, 56S, EV 88.1 MPH)
Batting: LHB Ramiro Palmeiro 0-0: Called Strike
0-1: SINGLE (Groundball, 56D, EV 105.6 MPH)
Batting: RHB Jon Huband 0-0: Ball
1-0: Ball
2-0: Called Strike
2-1: Ball
3-1: Fielders Choice at 2nd, 1-6 (Groundball, 13S, EV 63.8 MPH)
Batting: LHB Javier Seco 0-0: Fly out, F7 (Line Drive, 7, EV 98.8 MPH)
Top of the 3rd over - 0 runs, 1 hit, 0 errors, 1 left on base; Houston 0 - Athletic Club KC 0
BOTTOM OF THE 3RD
Athletic Club KC batting - Pitching for Houston 1837 BBC : RHP Júlio Gutiérrez
Batting: RHB Armando Altagracia 0-0: Ground out 6-3 (Groundball, 6, EV 101.2 MPH)
Batting: LHB César Núñez 0-0: Ball
1-0: Called Strike
1-1: Swinging Strike
1-2: Strikes out swinging
Batting: RHB Ali Ben Bongo 0-0: Ball
1-0: Called Strike
1-1: Ball
2-1: Ball
3-1: Base on Balls
Batting: SHB Shiki Sanu 0-0: Foul Ball, location: 2F
0-1: Called Strike
0-2: Ball
1-2: Foul Ball, location: 2F
1-2: Ball
2-2: Foul Ball, location: 2F
2-2: Ball
3-2: Foul Ball, location: 2F
3-2: Ground out U3 (Groundball, 3, EV 85.0 MPH)
Bottom of the 3rd over - 0 runs, 0 hits, 0 errors, 1 left on base; Houston 0 - Athletic Club KC 0
TOP OF THE 4TH
Houston 1837 BBC batting - Pitching for Athletic Club KC : RHP Scotty Bingham
Batting: RHB Adam Smith 0-0: Foul Ball, location: 2F
0-1: Foul Ball, location: 2F
0-2: Ball
1-2: Foul Ball, location: 2F
1-2: Ball
2-2: Ball
3-2: Ground out 4-3 (Groundball, 34, EV 107.5 MPH)
Batting: RHB Krystof Melichar 0-0: Ball
1-0: SINGLE (Line Drive, 89M, EV 105.0 MPH)
Batting: LHB Bill Dixon 0-0: Ball
1-0: Fly out, F6 (Popup, 6D, EV 72.5 MPH)
Batting: LHB César Gómes 0-0: Called Strike
0-1: DOUBLE (Line Drive, 7LM, EV 108.8 MPH)
Krystof Melichar to third
Runner from 3rd tries for Home, SAFE, no throw by LF
Batting: SHB Yeow-whye Zhu 0-0: Ball
1-0: Ball
2-0: Ball
3-0: Called Strike
3-1: Called Strike
3-2: SINGLE (Line Drive, 4D, EV 95.6 MPH)
César Gómes to third
César Gómes scores
Batting: RHB David Elías 0-0: Fielders Choice at 2nd, 5-4 (Groundball, 5L, EV 82.5 MPH)
Top of the 4th over - 2 runs, 3 hits, 0 errors, 1 left on base; Houston 2 - Athletic Club KC 0
BOTTOM OF THE 4TH
Athletic Club KC batting - Pitching for Houston 1837 BBC : RHP Júlio Gutiérrez
Batting: LHB Héctor Velázquez 0-0: Ground out 5-3 (Groundball, 56, EV 78.8 MPH)
Batting: LHB José Rodríguez 0-0: Called Strike
0-1: Foul Ball, location: 2F
0-2: Foul Ball, location: 2F
0-2: Foul Ball, location: 2F
0-2: Strikes out swinging
Batting: LHB Pablo Hernández 0-0: Ball
1-0: Ground out 4-3 (Groundball, 4, EV 86.9 MPH)
Bottom of the 4th over - 0 runs, 0 hits, 0 errors, 0 left on base; Houston 2 - Athletic Club KC 0
TOP OF THE 5TH
Houston 1837 BBC batting - Pitching for Athletic Club KC : RHP Scotty Bingham
Batting: LHB Ramiro Palmeiro 0-0: Ball
1-0: Ball
2-0: Foul Ball, location: 2F
2-1: Ground out 4-3 (Groundball, 4, EV 99.4 MPH)
Batting: RHB Jon Huband 0-0: Called Strike
0-1: Ball
1-1: Foul Ball, location: 2F
1-2: Strikes out swinging
Batting: LHB Javier Seco 0-0: Ball
1-0: Called Strike
1-1: SOLO HOME RUN (Line Drive, 89XD, EV 107.5 MPH), Distance : 426 ft
Batting: RHB Adam Smith 0-0: Called Strike
0-1: Ground out 1-3 (Groundball, P, EV 66.2 MPH)
Top of the 5th over - 1 run, 1 hit, 0 errors, 0 left on base; Houston 3 - Athletic Club KC 0
BOTTOM OF THE 5TH
Athletic Club KC batting - Pitching for Houston 1837 BBC : RHP Júlio Gutiérrez
Batting: RHB Tasuku Goto 0-0: SINGLE (Line Drive, 4D, EV 96.2 MPH)
Batting: RHB Wade Tazewell 0-0: Swinging Strike
0-1: Ball
1-1: Grounds into double play, 2-4-3 (Groundball, 15S, EV 65.6 MPH)
Batting: RHB Armando Altagracia 0-0: Called Strike
0-1: Foul Ball, location: 2F
0-2: Foul Ball, location: 2F
0-2: Ball
1-2: SOLO HOME RUN (Flyball, 78XD, EV 93.8 MPH), Distance : 411 ft
Batting: LHB César Núñez 0-0: Fly out, F8 (Line Drive, 8LM, EV 89.4 MPH)
Bottom of the 5th over - 1 run, 2 hits, 0 errors, 0 left on base; Houston 3 - Athletic Club KC 1
TOP OF THE 6TH
Houston 1837 BBC batting - Pitching for Athletic Club KC : RHP Scotty Bingham
Batting: RHB Krystof Melichar 0-0: Ball
1-0: Ground out 6-3 (Groundball, 6S, EV 75.6 MPH)
Batting: LHB Bill Dixon 0-0: Foul Ball, location: 2F
0-1: Ball
1-1: Fly out, F5 (Line Drive, 5, EV 71.2 MPH)
Batting: LHB César Gómes 0-0: Fly out, F8 (Line Drive, 8RM, EV 93.8 MPH)
Top of the 6th over - 0 runs, 0 hits, 0 errors, 0 left on base; Houston 3 - Athletic Club KC 1
BOTTOM OF THE 6TH
Athletic Club KC batting - Pitching for Houston 1837 BBC : RHP Júlio Gutiérrez
Batting: RHB Ali Ben Bongo 0-0: Ball
1-0: Swinging Strike
1-1: Ball
2-1: Ball
3-1: Base on Balls
Pitching: RHP José Ledezma
Batting: SHB Shiki Sanu 0-0: Called Strike
0-1: Ball
1-1: Ground out 6-3 (Groundball, 6S, EV 70.6 MPH)
Ali Ben Bongo to second
Batting: LHB Héctor Velázquez 0-0: Swinging Strike
0-1: Called Strike
0-2: Ball
1-2: Ball
2-2: Foul Ball, location: 2F
2-2: Strikes out swinging
Batting: LHB José Rodríguez 0-0: Called Strike
0-1: Ground out 1-3 (Groundball, 34S, EV 63.8 MPH)
Bottom of the 6th over - 0 runs, 0 hits, 0 errors, 1 left on base; Houston 3 - Athletic Club KC 1
TOP OF THE 7TH
Houston 1837 BBC batting - Pitching for Athletic Club KC : RHP Scotty Bingham
Batting: SHB Yeow-whye Zhu 0-0: SINGLE (Line Drive, 7S, EV 108.8 MPH)
Pitching: RHP Taalay Ibragimov
Batting: RHB David Elías 0-0: Ball
1-0: Called Strike
1-1: Swinging Strike
1-2: Ball
2-2: DOUBLE (Flyball, 78XD, EV 107.5 MPH)
Yeow-whye Zhu to third
Runner from 3rd tries for Home, SAFE, no throw by LF
Batting: LHB Ramiro Palmeiro 0-0: Ball
1-0: Ball
2-0: Ball
3-0: Base on Balls
Batting: RHB Jon Huband 0-0: Bunted foul
0-1: Ball
1-1: Ball
2-1: Sac Bunt to 13S - play at first, batter OUT! 1-4
David Elías to third
Ramiro Palmeiro to second
Batting: LHB Javier Seco 0-0: Intentional Walk
Batting: RHB Adam Smith 0-0: Fly out, F9 (Flyball, 9S, EV 79.4 MPH)
Pitching: RHP David Maxwell
Batting: RHB Krystof Melichar 0-0: Ball
1-0: SINGLE (Groundball, 4MD, EV 109.4 MPH)
David Elías scores
Ramiro Palmeiro to third
Javier Seco to second
Runner from 3rd tries for Home, SAFE, no throw by CF
Batting: LHB Bill Dixon 0-0: Called Strike
0-1: Ball
1-1: Ball
2-1: Ball
3-1: Base on Balls
Javier Seco to third
Krystof Melichar to second
Batting: LHB César Gómes 0-0: Fly out, F6 (Popup, 6, EV 55.6 MPH)
Top of the 7th over - 3 runs, 3 hits, 0 errors, 3 left on base; Houston 6 - Athletic Club KC 1
BOTTOM OF THE 7TH
Athletic Club KC batting - Pitching for Houston 1837 BBC : RHP José Ledezma
Batting: LHB Pablo Hernández 0-0: Ball
1-0: Ground out 1-3 (Groundball, 13, EV 71.2 MPH)
Batting: RHB Tasuku Goto 0-0: Called Strike
0-1: Ground out 5-3 (Groundball, 56S, EV 84.4 MPH)
Batting: RHB Wade Tazewell 0-0: Foul Ball, location: 2F
0-1: Ball
1-1: Swinging Strike
1-2: Fly out, F8 (Flyball, 89D, EV 76.2 MPH)
Bottom of the 7th over - 0 runs, 0 hits, 0 errors, 0 left on base; Houston 6 - Athletic Club KC 1
TOP OF THE 8TH
Houston 1837 BBC batting - Pitching for Athletic Club KC : RHP David Maxwell
Batting: SHB Yeow-whye Zhu 0-0: Called Strike
0-1: Fly out, F9 (Flyball, 9S, EV 78.8 MPH)
Batting: RHB David Elías 0-0: Ball
1-0: Ground out 6-3 (Groundball, 6, EV 91.9 MPH)
Batting: LHB Ramiro Palmeiro 0-0: Called Strike
0-1: Ground out 4-3 (Groundball, 4, EV 89.4 MPH)
Top of the 8th over - 0 runs, 0 hits, 0 errors, 0 left on base; Houston 6 - Athletic Club KC 1
BOTTOM OF THE 8TH
Athletic Club KC batting - Pitching for Houston 1837 BBC : RHP José Ledezma
Batting: RHB Armando Altagracia 0-0: Ball
1-0: Foul Ball, location: 2F
1-1: Foul Ball, location: 2F
1-2: Fly out, F7 (Flyball, 7S, EV 85.6 MPH)
Batting: LHB César Núñez 0-0: Called Strike
0-1: Ball
1-1: Fly out, F7 (Line Drive, 7D, EV 88.8 MPH)
Batting: RHB Ali Ben Bongo 0-0: Ground out 6-3 (Groundball, 6M, EV 87.5 MPH)
Bottom of the 8th over - 0 runs, 0 hits, 0 errors, 0 left on base; Houston 6 - Athletic Club KC 1
TOP OF THE 9TH
Houston 1837 BBC batting - Pitching for Athletic Club KC : RHP David Maxwell
Batting: RHB Jon Huband 0-0: Ball
1-0: Ball
2-0: Ground out 4-3 (Groundball, 4, EV 79.4 MPH)
Batting: LHB Javier Seco 0-0: Ground out 1-3 (Groundball, P, EV 92.5 MPH)
Batting: RHB Adam Smith 0-0: Ball
1-0: SINGLE (Flyball, 7LM, EV 95.6 MPH)
Batting: RHB Krystof Melichar 0-0: Ball
1-0: Fielders Choice at 2nd, 5-4 (Groundball, 56, EV 81.9 MPH)
Top of the 9th over - 0 runs, 1 hit, 0 errors, 1 left on base; Houston 6 - Athletic Club KC 1
BOTTOM OF THE 9TH
Athletic Club KC batting - Pitching for Houston 1837 BBC : RHP José Ledezma
Batting: SHB Shiki Sanu 0-0: Called Strike
0-1: Fly out, F5 (Popup, 56S, EV 87.5 MPH)
Batting: LHB Héctor Velázquez 0-0: Foul Ball, location: 2F
0-1: Ball
1-1: Ball
2-1: DOUBLE (Flyball, 5D, EV 96.2 MPH)
Pitching: LHP Gil Herrera
Batting: LHB José Rodríguez 0-0: Ball
1-0: Swinging Strike
1-1: Ground out 6-3 (Groundball, 4MS, EV 88.8 MPH)
Héctor Velázquez to third
Batting: LHB Pablo Hernández 0-0: Ball
1-0: Ball
2-0: Ball
Steal of home, Héctor Velázquez is out
Bottom of the 9th over - 0 runs, 1 hit, 0 errors, 0 left on base; Houston 6 - Athletic Club KC 1
Wednesday, July 8th, 2020 - OOTP Baseball 20.8 Build 74